 Dungeon Crawl Stone Soup version 0.31-a0-234-gad7ace16ef (webtiles) character file.

Game seed: 17522410834869319782

325 qw the Shooter (level 6, -1/38 HPs)
             Began as a Gargoyle Hexslinger on July 9, 2023.
             Slain by a black bear (2 damage)
             ... on level 4 of the Dungeon.
             The game lasted 00:01:34 (3210 turns).

qw the Shooter (Gargoyle Hexslinger)                Turns: 3210, Time: 00:01:35

Health: -1/38      AC:  8    Str: 11    XL:     6   Next: 48%
Magic:  7/7        EV: 11    Int: 14    God:
Gold:   16         SH:  0    Dex: 14    Spells: 6/7 levels left

rFire   . . .        Y - +1 sling
rCold   . . .        (no shield)
rNeg    + . .        f - +0 leather armour
rPois   inf          (no helmet)
rElec   +            (no cloak)
rCorr   .            (no gloves)
SInv    .            e - +0 pair of boots
Will    .....        (no amulet)
Stlth   +            (no ring)
HPRegen 0.26/turn    (no ring)
MPRegen 0.10/turn

%: no passive effects
@: about to teleport
A: sickness immunity, AC +4, negative energy resistance 1, electricity
resistance, torment resistance 1, petrification resistance
a: no special abilities


You were on level 4 of the Dungeon.
You visited 1 branch of the dungeon, and saw 4 of its levels.

You collected 108 gold pieces.
You spent 92 gold pieces at shops.


Innate Abilities, Weirdness & Mutations

You are immune to sickness and miasma.
Your stone body is resilient. (AC +4)
You are immune to poison.
You resist negative energy. (rN+)
You are resistant to electric shocks. (rElec)
You are resistant to unholy torment.
You are immune to petrification.


   Skills:
 - Level 4.1 Fighting
 + Level 5.4 Ranged Weapons
 - Level 1.5 Dodging
 - Level 1.0 Spellcasting
 - Level 2.6 Hexes


You had 6 spell levels left.
You knew the following spells:

 Your Spells              Type           Power      Damage    Failure   Level
a - Slow                  Hex            32%        N/A       12%         1

Your spell library contained the following spells:

 Spells                   Type           Power      Damage    Failure   Level
 Inner Flame              Hex/Fire       4%         N/A       52%         3
 Portal Projectile        Hex/Tloc       8%         N/A       52%         3
 Cause Fear               Hex            4%         N/A       75%         4

Inventory:

Hand Weapons
 Y - a +1 sling (weapon)
Armour
 a - a +0 leather armour of cold resistance
 e - a +0 pair of boots (worn)
 f - a +0 leather armour (worn)
 l - a +0 ring mail
Jewellery
 d - a ring of ice
Scrolls
 c - 2 scrolls of identify
 m - a scroll of noise {unknown}
Potions
 b - a potion of curing
 g - a potion of resistance {unknown}
 h - a potion of haste
 i - a potion of berserk rage {unknown}
 j - a potion of mutation {unknown}

Dungeon Overview and Level Annotations

Branches:
Dungeon (4/15)
 Temple: D:4-7

Altars:
Xom
The Shining One

Shops:
D:1 *   D:2 *   D:4 *


Message History

You shoot a sling bullet.
The sling bullet hits the black bear but does no damage.
The black bear is severely wounded.
The black bear closely misses you.
The black bear claws you but does no damage.
The black bear barely misses you.
You shoot a sling bullet.
The sling bullet barely misses the black bear.
The black bear closely misses you.
The black bear claws you but does no damage. x2
You shoot a sling bullet.
The sling bullet hits the black bear but does no damage.
The black bear is severely wounded.
The black bear bites you. The black bear barely misses you.
The black bear closely misses you.
You shoot a sling bullet. The sling bullet hits the black bear.
The black bear is severely wounded.
The black bear goes berserk!
You shoot a sling bullet. The sling bullet hits the black bear.
The black bear is severely wounded.
The black bear bites you but does no damage.
The black bear claws you but does no damage.
The black bear claws you. The black bear barely misses you.
The black bear claws you.
The black bear claws you but does no damage.
You shoot a sling bullet.
The sling bullet hits the black bear but does no damage.
The black bear is severely wounded.
The black bear closely misses you. The black bear barely misses you.
The black bear claws you. The black bear bites you.
The black bear claws you but does no damage. x2
3209 ||| READING scroll of teleportation.
As you read the scroll of teleportation, it crumbles to dust.
You feel strangely unstable.
The black bear bites you but does no damage.
The black bear barely misses you. The black bear claws you.
You shoot a sling bullet. The sling bullet hits the black bear.
The black bear is almost dead.
The black bear bites you. The black bear claws you.
You die...

#...... #\#####
#.##.>. ### #.##.##
..# #.##.# #.# #
#.##.## #.###.##.#
#...... #.....h..#
####.## ####@#####
#.# #........# #.#
#.##.###.# #.# #
#.# #.# #.#
#.###.### #.##
#.......# ##.#.
###...#.######.#.#
+..................
####......)######..


You could see a black bear (berserk).

Vanquished Creatures
  A sky beast (D:4)
  A hound (D:4)
  A sleepcap (D:4)
  An orc wizard (D:4)
  5 adders (D:2)
  3 worms
  4 dart slugs (D:1)
  6 orcs (D:4)
  3 ball pythons
  3 bats (D:2)
  7 endoplasms
  A giant cockroach (D:1)
  10 hobgoblins
  9 jackals
  2 quokkas
  2 frilled lizards (D:1)
  13 goblins
  8 kobolds
  7 rats
87 creatures vanquished.

Notes
Turn   | Place    | Note
-------+----------+-------------------------------------------
     0 | D:1      | qw the Gargoyle Hexslinger began the quest for the Orb.
     0 | D:1      | Reached XP level 1. HP: 12/12 MP: 2/2
     0 | D:1      | 0 ||| qw: Version: 0.3-a-51-g015441d
     0 | D:1      | 0 ||| qw: Game counter: 4124
     0 | D:1      | 0 ||| qw: Melee chars always use a shield: true
     0 | D:1      | 0 ||| qw: God list: Okawaru
     0 | D:1      | 0 ||| qw: Allow faded altars: false
     0 | D:1      | 0 ||| qw: Do Orc after clearing Dungeon:15 true
     0 | D:1      | 0 ||| qw: Do second Lair branch before Depths: true
     0 | D:1      | 0 ||| qw: Lair rune preference: random
     0 | D:1      | 0 ||| qw: Goals: Normal
     0 | D:1      | 0 ||| PLANNING D:1-11
    44 | D:1      | 44 ||| FLEEEEING.
   114 | D:1      | Reached XP level 2. HP: 16/16 MP: 3/3
   281 | D:1      | Reached skill level 3 in Ranged Weapons
   314 | D:1      | 314 ||| FLEEEEING.
   316 | D:1      | 316 ||| FLEEEEING.
   317 | D:1      | 317 ||| FLEEEEING.
   318 | D:1      | 318 ||| FLEEEEING.
   319 | D:1      | 319 ||| FLEEEEING.
   320 | D:1      | 320 ||| FLEEEEING.
   323 | D:1      | 323 ||| FLEEEEING.
   324 | D:1      | 324 ||| FLEEEEING.
   326 | D:1      | 326 ||| FLEEEEING.
   327 | D:1      | 327 ||| FLEEEEING.
   328 | D:1      | 328 ||| FLEEEEING.
   329 | D:1      | 329 ||| FLEEEEING.
   330 | D:1      | 330 ||| FLEEEEING.
   331 | D:1      | 331 ||| FLEEEEING.
   332 | D:1      | 332 ||| FLEEEEING.
   433 | D:1      | Reached XP level 3. HP: 21/21 MP: 4/4
   437 | D:1      | Found Hiysh's Assorted Antiques.
   447 | D:1      | 447 ||| SHOPLISTING bubbling purple potion (19 gold, have
                  | 5).
   447 | D:1      | 447 ||| SHOPLISTING glowing leather armour (110 gold, have
                  | 5).
   447 | D:1      | 447 ||| SHOPLISTING glowing wooden wand (88 gold, have 5).
   447 | D:1      | 447 ||| SHOPLISTING leather armour (44 gold, have 5).
   447 | D:1      | 447 ||| SHOPLISTING metallic amethyst potion (19 gold, have
                  | 5).
   743 | D:1      | 743 ||| UPGRADING to +0 pair of boots.
   748 | D:1      | 748 ||| UPGRADING to +0 leather armour.
   758 | D:1      | 758 ||| DROPPING +0 robe.
   759 | D:1      | 759 ||| READING scroll labelled ZAGYAGHILENTUU.
   760 | D:1      | 760 ||| READING scroll labelled TIMPAC BOINE.
   765 | D:1      | 765 ||| DROPPING scroll of poison.
   866 | D:2      | Reached XP level 4. HP: 26/26 MP: 5/5
   873 | D:2      | Found Kill's General Store.
   880 | D:2      | 880 ||| BUYING scroll of identify (20 gold).
   880 | D:2      | Bought a scroll of identify for 20 gold pieces
   912 | D:2      | Reached skill level 4 in Ranged Weapons
  1041 | D:2      | Found a faded altar of an unknown god.
  1240 | D:2      | Reached XP level 5. HP: 12/30 MP: 6/6
  1376 | D:2      | 1376 ||| DRINKING 2 fuming golden potions.
  1377 | D:2      | 1377 ||| READING 2 scrolls of identify.
  1377 | D:2      | 1377 ||| IDENTIFYING bubbling dark potion
  1378 | D:2      | 1378 ||| DROPPING potion of attraction.
  1517 | D:3      | Found a glowing golden altar of the Shining One.
  1517 | D:3      | Found a shimmering altar of Xom.
  2280 | D:3      | 2280 ||| READING 2 scrolls labelled SECWOP ROGI.
  2281 | D:3      | 2281 ||| DRINKING 2 metallic amethyst potions.
  2282 | D:3      | 2282 ||| DROPPING scroll of immolation.
  2374 | D:4      | Reached skill level 5 in Ranged Weapons
  2771 | D:4      | Noticed a sky beast
  2792 | D:4      | Killed a sky beast
  2793 | D:4      | Reached XP level 6. HP: 29/38 MP: 7/7
  2830 | D:4      | Found Paeler's General Store.
  2837 | D:4      | 2837 ||| BUYING +0 ring mail (48 gold).
  2837 | D:4      | Bought a +0 ring mail for 48 gold pieces
  2837 | D:4      | 2837 ||| SHOPLISTING potion of enlightenment (60 gold, have
                  | 40).
  2837 | D:4      | 2837 ||| BUYING scroll of identify (24 gold).
  2837 | D:4      | Bought a scroll of identify for 24 gold pieces
  2878 | D:4      | 2878 ||| DRINKING potion of curing.
  2878 | D:4      | 2878 ||| (to cure confusion)
  2893 | D:4      | HP: 7/38 [something/puff of flame (4)]
  3187 | D:4      | Noticed a black bear
  3208 | D:4      | HP: 6/38 [black bear (5)]
  3209 | D:4      | 3209 ||| READING scroll of teleportation.
  3210 | D:4      | HP: 1/38 [black bear (3)]
  3210 | D:4      | Slain by a black bear

Levels and vault maps discovered:
D:1:      giann_horns, layout_basic, serial_shops, nicolae_shop_trees
D:2:      layout_rooms, serial_shops, shop, basic_ecumenical_altar,
          chequers_serial_rivers_micro_a, minmay_heptomino_d4
D:3:      layout_basic, mainiacjoe_overflow_large_starburst
D:4:      layout_loops_corners, serial_shops, shop

Skill      XL: |  1  2  3  4  5 |
---------------+----------------+-----
Ranged Weapons | 3 4 5 |  5.4
Fighting       | 2 4 |  4.1
Dodging        | |  1.5
Spellcasting   | |  1.0
Hexes          | |  2.6

Action                     |  1- 3 |  4- 6 || total
---------------------------+-------+-------++-------
   Fire: Sling             |   145 |   300 ||   445
    Use: Scroll            |     2 |     3 ||     5
         Potion            |       |     3 ||     3
 Armour: Robe              |    11 |       ||    11
         Leather armour    |    24 |   115 ||   139
  Dodge: Dodged            |    59 |   119 ||   178

Table legend:
 A = Non-vault XP
 B = Vault XP
 C = Vault XP percentage of total XP
 D = Non-vault monster count
 E = Vault monster count
 F = Vault count percentage of total count
                 A         B        C        D         E       F
            +---------+---------+-------+---------+---------+-------
      Total |     456 |       9 |   1.9 |      84 |       3 |   3.4
            +---------+---------+-------+---------+---------+-------
        D:1 |      61 |       0 |   0.0 |      31 |       0 |   0.0
        D:2 |     101 |       9 |   8.2 |      24 |       3 |  11.1
        D:3 |      21 |       0 |   0.0 |      10 |       0 |   0.0
        D:4 |     273 |       0 |   0.0 |      19 |       0 |   0.0
            +---------+---------+-------+---------+---------+-------
